 Dungeon Crawl Stone Soup version 0.17-a0-1554-g3b847ca (webtiles) character file.

147 namelastname112 the Skirmisher (level 5, -6/45 HPs)
             Began as a Draconian Skald on July 20, 2015.
             Mangled by a slave (10 damage)
             ... led by Pikel
             ... on level 3 of the Dungeon.
             The game lasted 00:05:43 (3170 turns).

namelastname112 the Skirmisher (Draconian Skald)    Turns: 3170, Time: 00:05:43

Health: -6/45      AC:  7    Str: 14    XL:     5   Next: 8%
Magic:  8/8        EV: 12    Int: 13    God:
Gold:   181        SH:  0    Dex: 11    Spells: 1 memorised, 7 levels left

rFire  . . .     SeeInvis .     D - +2 quarterstaff (chaos)
rCold  . . .     Clarity  .     (armour unavailable)
rNeg   . . .     SustAt   +     (no shield)
rPois  +         Gourm    .     (helmet restricted)
rElec  .         Spirit   .     E - +0 cloak
rCorr  .         Warding  .     v - +0 pair of gloves
rMut   .         Stasis   .     (no boots)
MR     .....                    (no amulet)
Stlth  +.........               C - ring of poison resistance
                                h - ring of sustain attributes

@: drained, not resistant to hostile enchantments, very unstealthy
A: unfitting armour, cold-blooded, AC +5
a: no special abilities


You were on level 3 of the Dungeon.
You were hungry.

You visited 1 branch of the dungeon, and saw 4 of its levels.

You collected 181 gold pieces.

Inventory:

Hand weapons
 a - a +0 falchion
 x - a +2 dagger of protection
 y - a +0 blowgun
 D - a +2 quarterstaff of chaos (weapon)
Missiles
 e - 101 stones (quivered)
 o - 3 javelins
 z - 17 poisoned needles
Armour
 p - a +0 shield
 v - a +0 pair of gloves (worn)
 E - a +0 cloak (worn)
Jewellery
 h - a ring of sustain attributes (left hand)
 C - a ring of poison resistance (right hand)
Scrolls
 d - 2 scrolls of fog {unknown}
 f - 2 scrolls of identify {unknown}
 g - 2 scrolls of remove curse {unknown}
 i - a scroll of noise {unknown}
 k - 2 scrolls of recharging {unknown}
 l - a scroll of teleportation {unknown}
 w - 3 scrolls of enchant armour {unknown}
Potions
 j - a potion of poison {unknown}
 n - a potion of curing {unknown}
 q - a potion of magic {unknown}
 r - a potion of cancellation {unknown}
 t - a potion of brilliance {unknown}
 u - a potion of might {unknown}
 A - a potion of ambrosia {unknown}
 B - a potion of flight {unknown}
Books
 b - a book of Battle

   Spells                             Type                      Level
   a - Infusion                       Charms                       1
   b - Shroud of Golubria             Charms/Translocation         2
   c - Song of Slaying                Charms                       2
   d - Spectral Weapon                Hexes/Charms                 3
   e - Regeneration                   Charms/Necromancy            3
Comestibles
 c - 4 bread rations
 m - a royal jelly
 s - a meat ration


   Skills:
 + Level 3.5(3.0) Fighting
 + Level 3.3(2.8) Long Blades
 * Level 1.6(1.2) Throwing
 + Level 2.4(2.0) Dodging
 - Level 2.0(1.5) Spellcasting
 - Level 2.6(2.2) Charms


You had 7 spell levels left.
You knew the following spells:

 Your Spells              Type           Power        Failure   Level  Hunger
a - Infusion              Chrm           #.....       12%         1    ##.....


Dungeon Overview and Level Annotations

Branches:
Dungeon (4/15)
 Temple: D:4-7

Altars:
Ashenzari
Dithmenos
Elyvilon
Vehumet
Yredelemnul
Zin
The Shining One

Annotations:
D:3 Pikel
D:4 namelastname112's ghost, experienced DrSk


Innate Abilities, Weirdness & Mutations

Your plain brown scales are hard (AC +5).
Your body does not fit into most forms of armour.
You are cold-blooded and may be slowed by cold attacks.


Message History

There is an escape hatch in the floor here.
You sock the slave! You freeze the slave.
The slave is heavily wounded.
Pikel hits you with a whip of flaming. Pikel burns you.
The slave closely misses you. x2
The slave hits you but does no damage. Pikel misses you.
You sock Pikel!
Pikel is moderately wounded.
The slave hits you. x3
Pikel hits you with a whip of flaming. Pikel burns you. The slave misses you.
You barely miss Pikel.
Pikel is moderately wounded.
The slave hits you but does no damage. The slave hits you!
* * * LOW HITPOINT WARNING * * *
Pikel hits you with a whip of flaming!
* * * LOW HITPOINT WARNING * * *
Pikel burns you.
* * * LOW HITPOINT WARNING * * *
The slave misses you. The slave hits you!
You die...

#####....#
##...###.##
#.....##.#
##.....##.##
####)....###<.# ###
......######..###.##
#.#............>>..##
...............pKp..#
.....######.#..p@...#
)..### ###)##.#...##
##..#####....#.##.##
###....#).......###
.#####........#.## .#
###......#..## .#
##....###..## .######
###### ##..#
......#### ##.#


You could see Pikel and 3 slaves.

Vanquished Creatures
  Crazy Yiuf (D:3)
  A worker ant (D:4)
  Robin (D:3)
  An ooze (D:2)
  2 worms (D:2)
  2 giant geckos
  2 orcs
  2 ball pythons (D:1)
  A giant cockroach (D:3)
  9 hobgoblins
  3 jackals (D:2)
  A quokka (D:3)
  7 bats
  4 giant newts
  13 goblins
  11 kobolds
  12 rats
73 creatures vanquished.

Notes
Turn   | Place    | Note
--------------------------------------------------------------
     0 | D:1      | namelastname112 the Draconian Skald began the quest for the Orb.
     0 | D:1      | Reached XP level 1. HP: 17/17 MP: 3/3
   384 | D:1      | Reached XP level 2. HP: 16/25 MP: 5/5
  1086 | D:2      | Found a basalt altar of Yredelemnul.
  1089 | D:2      | Found a radiant altar of Vehumet.
  1128 | D:2      | Reached XP level 3. HP: 28/30 MP: 6/6
  1216 | D:2      | Found a shattered altar of Ashenzari.
  1522 | D:2      | Found a glowing silver altar of Zin.
  1522 | D:2      | Found a glowing golden altar of the Shining One.
  1525 | D:2      | Found a white marble altar of Elyvilon.
  1826 | D:2      | Reached skill level 3 in Fighting
  2064 | D:3      | Noticed Robin
  2091 | D:3      | Reached XP level 4. HP: 24/38 MP: 0/7
  2108 | D:3      | Killed Robin
  2108 | D:3      | Reached skill level 1 in Throwing
  2174 | D:3      | Found a shadowy altar of Dithmenos.
  2574 | D:3      | Noticed Crazy Yiuf
  2596 | D:3      | Killed Crazy Yiuf
  2673 | D:4      | Noticed Pikel
  2673 | D:4      | Noticed a slave
  2673 | D:4      | Noticed a slave
  2673 | D:4      | Noticed a slave
  2677 | D:4      | Noticed a slave
  2687 | D:4      | Reached XP level 5. HP: 41/45 MP: 8/8
  3043 | D:4      | Noticed namelastname112's ghost (experienced DrSk)
  3170 | D:3      | Mangled by a slave

Vault maps used:
D:1:      lightli_arrival_boilingwater, feat_on_display
D:2:      good_gods_temple_1, minitemple, nicolae_ashenzari_panopticon
D:3:      lemuel_round_altar, first_bread, uniq_crazy_yiuf_cottage, uniq_robin
D:4:      lightli_temple_of_fire, uniq_pikel

Action                   |  1- 3 |  4- 6 || total
-------------------------+-------+-------++-------
Melee: Falchion          |   224 |    22 ||   246
       Dagger            |       |    21 ||    21
       Quarterstaff      |       |    21 ||    21
 Fire: Blowgun           |       |     4 ||     4
 Cast: Infusion          |     2 |     1 ||     3
  Use: Potion            |     1 |     1 ||     2
 Stab: Sleeping          |     1 |     1 ||     2
       Paralysed         |       |     1 ||     1
  Eat: Chunk             |     4 |     3 ||     7
